[Event "Team 45 45 League T53"]
[Site "Internet Chess Club"]
[Date "2012.05.21"]
[Round "1"]
[White "DarkFlow"]
[Black "HelioAraujo"]
[Result "1/2-1/2"]
[WhiteElo "1911"]
[BlackElo "1854"]
[Opening "Sicilian: Smith-Morra gambit"]
[ECO "B21"]
[Time "13:05:21"]
[TimeControl "2700+45"]

1. e4 c5 2. d4 cxd4 3. c3 d3 4. Bxd3 e6 5. Nf3 Nc6 6. O-O Qc7 7. c4 d6 8. Nc3 a6
9. Bf4 Nf6 10. Qd2 Be7 11. c5 e5 12. cxd6 Qxd6 13. Bg3 Bg4 14. Qe3 Bxf3 15. Qxf3
O-O 16. Rad1 Nd4 17. Qe3 Ng4 18. Qd2 Rad8 19. h3 Nf6 20. Bb1 Nf3+ 21. gxf3 Qxd2
22. Rxd2 Rxd2 23. Bxe5 Nh5 24. Nd5 Bf6 25. Nxf6+ gxf6 26. Bc3 Rd7 27. Bc2 Rfd8
28. Kh2 Rc8 29. Rg1+ Kh8 30. e5 Rxc3 31. bxc3 fxe5 32. Rg5 Nf4 33. Rxe5 Rd2 34.
Be4 Ne6 35. Bxb7 Rxf2+ 36. Kg3 Rxa2 37. c4 a5 38. c5 Rc2 39. c6 Nd4 40. Rxa5
Nxc6 41. Ra8+ Kg7 42. Rc8 Nd4 {Game drawn by mutual agreement} 1/2-1/2

[Event "Team 45 45 League T53"]
[Site "Internet Chess Club"]
[Date "2012.05.18"]
[Round "1"]
[White "JustinL"]
[Black "KW-Winner"]
[Result "1-0"]
[WhiteElo "1971"]
[BlackElo "1862"]
[Opening "Bird's opening"]
[ECO "A03"]
[Time "15:00:34"]
[TimeControl "2700+45"]

1. f4 d5 2. Nf3 Bf5 3. e3 e6 4. h3 c5 5. d3 Nf6 6. Be2 Nc6 7. Nbd2 Be7 8. b3 Qb6
9. Bb2 O-O-O 10. g4 Bg6 11. g5 Ne8 12. h4 Bh5 13. Ne5 Bxe2 14. Qxe2 Nxe5 15.
Bxe5 Bd6 16. Bb2 Qc7 17. O-O-O e5 18. f5 f6 19. e4 d4 20. Qg4 Be7 21. Nf3 b5 22.
gxf6 Bxf6 23. Ng5 Qe7 24. Qh5 Bxg5+ 25. hxg5 c4 26. dxc4 bxc4 27. bxc4 Nd6 28.
Qg4 Kb8 29. Ba3 Qc7 30. Bxd6 Rxd6 31. Qg3 Rc6 32. Rd3 Rxc4 33. Rb3+ Ka8 34. Qd3
h6 35. gxh6 Rxh6 36. Rxh6 gxh6 37. Kb1 a6 38. Qd2 Ka7 39. Qxh6 Rxc2 40. Rg3 Qc8
41. Rg7+ Rc7 42. Rxc7+ Qxc7 43. f6 Qc6 44. Qh7+ Kb6 45. Qf5 Qb5+ 46. Ka1 Qc4 47.
Kb2 Qc3+ 48. Kb1 Qe1+ 49. Kc2 Qc3+ 50. Kd1 d3 51. Qe6+ Ka7 52. Qd7+ Kb6 53. Qe6+
Ka7 54. Qf7+ Kb6 55. Qb3+ {Black resigns} 1-0

[Event "Team 45 45 League T53"]
[Site "Internet Chess Club"]
[Date "2012.05.20"]
[Round "1"]
[White "Constrictor"]
[Black "BYOB69"]
[Result "1-0"]
[WhiteElo "1773"]
[BlackElo "1797"]
[Opening "QGD Slav: 4.Nc3"]
[ECO "D15"]
[Time "15:31:06"]
[TimeControl "2700+45"]

1. Nf3 Nf6 2. d4 d5 3. c4 c6 4. Nc3 Bg4 5. Ne5 Bh5 6. Qb3 Qb6 7. Qxb6 axb6 8.
cxd5 Nxd5 9. Nxd5 cxd5 10. Bf4 Nc6 11. e3 f6 12. Nf3 Bxf3 13. gxf3 e5 14. dxe5
fxe5 15. Bg3 Bb4+ 16. Kd1 O-O 17. f4 d4 18. fxe5 dxe3 19. Bc4+ Kh8 20. fxe3
Rad8+ 21. Kc2 Rd2+ 22. Kb3 Rfd8 23. Be1 Na5+ 24. Kxb4 Rxb2+ 25. Bb3 Rd3 26. Bc3
Re2 27. Bc4 Nxc4 28. Kxc4 Rexe3 29. Bb2 Rd2 30. Rad1 Rc2+ 31. Kd4 Rce2 32. Kc4
h6 33. Bd4 Re4 34. Kd5 Rh4 35. Rhe1 Rxa2 36. e6 Rh5+ 37. Kd6 Ra8 38. e7 {Black
resigns} 1-0

[Event "Team 45 45 League T53"]
[Site "Internet Chess Club"]
[Date "2012.05.18"]
[Round "1"]
[White "Packerfan"]
[Black "Egmont"]
[Result "0-1"]
[WhiteElo "1835"]
[BlackElo "1780"]
[Opening "Sicilian: Alapin's variation (2.c3)"]
[ECO "B22"]
[Time "09:00:14"]
[TimeControl "2700+45"]

1. e4 c5 2. c3 d5 3. exd5 Qxd5 4. d4 Nf6 5. Nf3 Bg4 6. Be2 e6 7. O-O Nc6 8. Be3
cxd4 9. cxd4 Be7 10. Nc3 Qd7 11. Qd2 Rd8 12. Rfd1 O-O 13. h3 Bh5 14. Rac1 a6 15.
a3 Bd6 16. d5 exd5 17. Nxd5 Nxd5 18. Qxd5 Bh2+ 19. Kxh2 Qxd5 20. Rxd5 Rxd5 21.
Bxa6 Bxf3 22. Bxb7 Bh5 23. Bxc6 Rd1 24. Rxd1 Bxd1 25. b4 Rc8 26. Bf3 Bxf3 27.
gxf3 Ra8 28. Bc1 Kf8 29. Kg3 Ke7 30. Kf4 Rc8 31. Bb2 f6 32. Bd4 Rc4 33. Ke3 Kd6
34. Bc5+ Kc6 35. a4 Rh4 36. a5 Rxh3 37. a6 Rh1 38. a7 Ra1 39. f4 f5 40. Kd4 h5
41. Ke3 Kb7 42. Kf3 Rxa7 43. Bxa7 Kxa7 44. Kg3 Kb6 45. Kh4 g6 46. f3 Kb5 47. Kg3
Kxb4 48. Kf2 Kc4 49. Ke2 Kb3 50. Kd3 Ka2 51. Ke2 Kb2 52. Kd2 Kb3 53. Kd3 Ka3 54.
Ke2 Ka2 55. Ke1 Ka1 56. Ke2 Kb2 57. Kd2 h4 58. Ke2 Kc2 59. Kf2 Kd2 60. Kg2 Ke2
61. Kh3 Kxf3 62. Kxh4 Kxf4 63. Kh3 Ke3 64. Kg2 Ke2 65. Kg3 g5 66. Kh3 f4 67. Kg4
f3 68. Kg3 f2 69. Kh2 f1=Q {White resigns} 0-1

[Event "Team 45 45 League T53"]
[Site "Internet Chess Club"]
[Date "2012.05.22"]
[Round "1"]
[White "Truxton"]
[Black "KingOfKings"]
[Result "0-1"]
[WhiteElo "1887"]
[BlackElo "1656"]
[Opening "French: Steinitz, Gledhill attack"]
[ECO "C11"]
[Time "09:00:16"]
[TimeControl "2700+45"]

1. e4 e6 2. d4 d5 3. Nc3 Nf6 4. e5 Nfd7 5. Qg4 c5 6. Be3 a6 7. O-O-O Nc6 8. Nf3
cxd4 9. Bxd4 h5 10. Qg3 g6 11. Kb1 Bg7 12. h4 Nxd4 13. Rxd4 Qc7 14. Qf4 Bxe5 15.
Nxe5 Qxe5 16. Qd2 O-O 17. f4 Qg7 18. g4 hxg4 19. h5 f5 20. hxg6 Qxg6 21. Qh2 Qg7
22. Rxd5 exd5 23. Nxd5 Nf6 24. Ne3 Be6 25. Nxf5 Bxf5 26. Bc4+ Rf7 27. Qd2 Rf8
28. Qa5 Be4 29. Re1 g3 30. Qc5 g2 31. Rg1 Kh8 32. Qe3 Rc7 33. Bb3 Qg6 34. Qh3+
Qh7 35. Qe3 {White resigns} 0-1

[Event "Team 45 45 League T53"]
[Site "Internet Chess Club"]
[Date "2012.05.21"]
[Round "1"]
[White "hcube"]
[Black "AVEMARIA"]
[Result "1/2-1/2"]
[WhiteElo "1666"]
[BlackElo "1663"]
[Opening "French: exchange variation"]
[ECO "C01"]
[Time "17:01:51"]
[TimeControl "2700+45"]

1. e4 e6 2. d4 d5 3. exd5 exd5 4. Bd3 Nf6 5. Nf3 Be7 6. O-O O-O 7. c3 Bg4 8. Bf4
c6 9. Nbd2 Nbd7 10. Qb3 Nh5 11. Be5 f6 12. Bg3 Nxg3 13. fxg3 Qb6 14. Qc2 g6 15.
Rae1 Rf7 16. h3 Bxf3 17. Nxf3 Qc7 18. g4 Bd6 19. Re6 Nf8 20. Re2 Bg3 21. c4 Kg7
22. cxd5 cxd5 23. Rc1 Rc8 24. Qxc7 Rcxc7 25. Rec2 Ne6 26. Rxc7 Rxc7 27. Rxc7+
Bxc7 28. Kf2 Bf4 29. Bb5 Bc1 30. Bd7 Nc7 31. b3 Kf7 32. g5 Bxg5 33. Nxg5+ fxg5
34. Bc8 b6 35. Bb7 Kf6 36. Ke3 g4 37. hxg4 Kg5 38. Kf3 h5 39. gxh5 gxh5 40. a3
Ne6 41. Bxd5 Nxd4+ 42. Kf2 h4 43. a4 Kf4 44. Bc4 a5 45. Bg8 Ke4 46. Bc4 Kf4 47.
Bg8 Nf5 48. Be6 Nd4 {Game drawn by mutual agreement} 1/2-1/2

[Event "Team 45 45 League T53"]
[Site "Internet Chess Club"]
[Date "2012.05.18"]
[Round "1"]
[White "parpin"]
[Black "Rodin7"]
[Result "1/2-1/2"]
[WhiteElo "1955"]
[BlackElo "1977"]
[Opening "Sicilian: Pelikan, Chelyabinsk variation"]
[ECO "B33"]
[Time "08:15:27"]
[TimeControl "2700+45"]

1. e4 c5 2. Nf3 Nc6 3. d4 cxd4 4. Nxd4 Nf6 5. Nc3 e5 6. Ndb5 d6 7. Bg5 a6 8. Na3
b5 9. Nd5 Be7 10. Bxf6 Bxf6 11. c3 O-O 12. Nc2 Bg5 13. a4 bxa4 14. Rxa4 a5 15.
Bd3 Rb8 16. h4 Bh6 17. Ra2 Kh8 18. g4 Bf4 19. Qf3 Be6 20. Nce3 Bxe3 21. fxe3 Qd7
22. g5 f6 23. gxf6 gxf6 24. h5 f5 25. exf5 Bxf5 26. Bxf5 Rxf5 27. Qe4 Qf7 28. b4
{Game drawn by mutual agreement} 1/2-1/2

[Event "Team 45 45 League T53"]
[Site "Internet Chess Club"]
[Date "2012.05.20"]
[Round "1"]
[White "jofer"]
[Black "perikitosax"]
[Result "1-0"]
[WhiteElo "2062"]
[BlackElo "2001"]
[Opening "Sicilian: Taimanov variation"]
[ECO "B48"]
[Time "10:01:55"]
[TimeControl "2700+45"]

1. e4 c5 2. Nf3 e6 3. d4 cxd4 4. Nxd4 Nc6 5. Nc3 Qc7 6. Be3 a6 7. Qd2 Nf6 8.
O-O-O Bb4 9. f3 d5 10. a3 Bxc3 11. Qxc3 dxe4 12. fxe4 Nxe4 13. Qd3 f5 14. Qc4
O-O 15. Nxf5 Qe5 16. Bd3 Na5 17. Ne7+ Kf7 18. Qxe4 Qxe4 19. Bxe4 Nc4 {Black
resigns} 1-0

[Event "Team 45 45 League T53"]
[Site "Internet Chess Club"]
[Date "2012.05.18"]
[Round "1"]
[White "jjmolina"]
[Black "TahoeSam"]
[Result "1/2-1/2"]
[WhiteElo "1905"]
[BlackElo "1912"]
[Opening "French: Paulsen variation"]
[ECO "C10"]
[Time "12:00:42"]
[TimeControl "2700+45"]

1. e4 e6 2. d4 d5 3. Nc3 Be7 4. Nf3 Nf6 5. Bd3 c5 6. exd5 Nxd5 7. Nxd5 Qxd5 8.
dxc5 Nc6 9. O-O O-O 10. a3 a5 11. Be3 h6 12. Qe2 Bxc5 13. Rfd1 Qh5 14. Bxc5 Qxc5
15. Qe4 g6 16. Nh4 Qe5 17. Rab1 Qxe4 18. Bxe4 Ra6 19. Nf3 Rb6 20. c3 e5 21. Rd6
Rd8 22. Rxd8+ Nxd8 23. Nxe5 Re6 24. Rd1 Kg7 25. Rxd8 Rxe5 26. Rxc8 Rxe4 27. Kf1
Re6 28. Ra8 Rb6 29. b4 axb4 30. cxb4 Rc6 31. g3 h5 32. b5 Rc5 33. a4 Rc2 34. Ra7
b6 35. Kg2 Ra2 36. h4 Ra3 37. Kh3 Ra2 38. Kg2 Ra3 39. Kh3 Ra2 40. Kg2 Ra3 41.
Kh3 {Game drawn by repetition} 1/2-1/2

[Event "Team 45 45 League T53"]
[Site "Internet Chess Club"]
[Date "2012.05.20"]
[Round "1"]
[White "Beetlejuice"]
[Black "megaj"]
[Result "0-1"]
[WhiteElo "1787"]
[BlackElo "1962"]
[Opening "Queen's gambit declined"]
[ECO "D30"]
[Time "13:01:39"]
[TimeControl "2700+45"]

1. d4 d5 2. c4 e6 3. Nf3 c6 4. e3 Nf6 5. b3 Nbd7 6. Bd3 Bd6 7. Bb2 O-O 8. O-O
Re8 9. Ne5 Qc7 10. f4 c5 11. Nd2 b6 12. Rc1 Qb8 13. Ndf3 Bb7 14. g4 dxc4 15.
Bxc4 Rd8 16. Ng5 Bxe5 17. fxe5 Nxe5 18. Be2 h6 19. Nh3 Qc7 20. Rf2 Qc6 21. Kf1
Qh1+ 22. Ng1 Ne4 23. Qe1 Ng5 24. dxe5 Nh3 25. Bc4 Qxg1+ 26. Ke2 Qxg4+ 27. Kf1
Bf3 {White resigns} 0-1

[Event "Team 45 45 League T53"]
[Site "Internet Chess Club"]
[Date "2012.05.20"]
[Round "1"]
[White "Matusalen"]
[Black "TerryMalloy"]
[Result "0-1"]
[WhiteElo "2127"]
[BlackElo "1940"]
[Opening "Catalan: open, 5.Nf3"]
[ECO "E04"]
[Time "08:03:43"]
[TimeControl "2700+45"]

1. Nf3 Nf6 2. c4 e6 3. g3 d5 4. d4 dxc4 5. Bg2 Nc6 6. O-O Rb8 7. e3 b5 8. Qe2
Be7 9. Rd1 O-O 10. e4 Bb7 11. Nc3 a6 12. Bf4 Re8 13. h3 Nb4 14. Ne1 Nc6 15. Nc2
Rc8 16. Rac1 b4 17. d5 exd5 18. Nxd5 Nxd5 19. Rd4 {White resigns} 0-1

[Event "Team 45 45 League T53"]
[Site "Internet Chess Club"]
[Date "2012.05.21"]
[Round "1"]
[White "JeremyWa"]
[Black "alexping"]
[Result "0-1"]
[WhiteElo "1733"]
[BlackElo "1928"]
[Opening "French: exchange variation"]
[ECO "C01"]
[Time "12:06:21"]
[TimeControl "2700+45"]

1. e4 e6 2. d4 d5 3. exd5 exd5 4. Bd3 Nf6 5. h3 Bd6 6. Qf3 Be6 7. Bg5 Nbd7 8.
Ne2 c6 9. Nd2 h6 10. Bh4 Qc7 11. Bg3 Bxg3 12. Nxg3 O-O 13. O-O b6 14. Rfe1 c5
15. dxc5 bxc5 16. c3 Rab8 17. b3 a5 18. Bf5 Rfe8 19. Re2 Bxf5 20. Nxf5 Rxe2 21.
Qxe2 Re8 22. Qd3 Qe5 23. Nf3 Qf4 24. Rd1 g6 25. Ne3 Ne5 26. Nxe5 Rxe5 27. Qb5 d4
28. cxd4 cxd4 29. Qc4 Re4 30. Nc2 Qe5 31. Rxd4 Re2 32. a4 Kg7 33. Ne3 Re1+ 34.
Nf1 Rb1 35. Rd3 Qa1 36. Rf3 Rc1 37. Qb5 Ne4 38. Rd3 Rxf1+ 39. Kh2 Rh1# {White
checkmated} 0-1

[Event "Team 45 45 League T53"]
[Site "Internet Chess Club"]
[Date "2012.05.21"]
[Round "1"]
[White "bobhill"]
[Black "bondguy01"]
[Result "1-0"]
[WhiteElo "1871"]
[BlackElo "1646"]
[Opening "Queen's pawn: Torre attack"]
[ECO "A46"]
[Time "20:00:30"]
[TimeControl "2700+45"]

1. d4 Nf6 2. Nf3 e6 3. Bg5 h6 4. Bh4 d6 5. Nbd2 Nbd7 6. e4 g5 7. Bg3 Nh5 8. c3
Bg7 9. Qc2 Qe7 10. O-O-O a6 11. Bd3 b6 12. Rde1 Nxg3 13. fxg3 Bb7 14. Rhf1 O-O-O
15. Qa4 Nb8 16. d5 Qd7 17. Qb3 Rhe8 18. Nc4 exd5 19. exd5 Rxe1+ 20. Nxe1 Qe7 21.
Nc2 Nd7 22. Nb4 Nc5 23. Bf5+ Kb8 24. Qc2 Qe8 25. Bg4 a5 26. Nc6+ Bxc6 27. dxc6
d5 28. Nd2 d4 29. cxd4 Bxd4 30. Kb1 Qxc6 31. Nb3 Qe4 32. Qxe4 Nxe4 33. Rxf7 Bc5
34. Bf3 Re8 35. Bxe4 Rxe4 36. Nxc5 bxc5 37. Rf2 Re5 38. Kc2 Kb7 39. a3 c6 40.
Kc3 Kb6 41. g4 Kb5 42. g3 Re4 43. Rf6 Rxg4 44. Rxh6 a4 45. Rh8 Rc4+ 46. Kd3 Rd4+
47. Ke3 Kc4 48. Rg8 g4 49. Rc8 Kb5 50. Rb8+ Kc4 51. Rb6 Kd5 52. Ra6 Kd6 53. Ra8
Kd5 54. Ra7 Kd6 55. Rf7 Ke5 56. Rf8 Re4+ 57. Kd3 Rd4+ 58. Kc3 Kd5 59. Rf5+ Kd6
60. Rg5 Re4 61. Kd3 Rd4+ 62. Ke3 Rc4 63. Rf5 Ke6 64. Rf4 Rc2 65. Rf2 Rc4 66. Kd3
Rd4+ 67. Kc3 Ke5 68. Re2+ Kd5 69. Rf2 Ke5 70. Rf1 Ke6 71. Rh1 Kf5 72. h4 gxh3
73. Rxh3 Rg4 74. Rh5+ Ke6 75. Rxc5 Rxg3+ 76. Kc2 Kd6 77. Rc4 Rg2+ 78. Kb1 Kd5
79. Rxa4 c5 80. Ra8 Kc4 81. Rb8 Kd5 82. a4 Kc6 83. Ka2 c4 84. Rc8+ Kd5 85. a5
Rg6 86. b4 Rc6 87. Rxc6 Kxc6 88. Kb2 {Black resigns} 1-0

[Event "Team 45 45 League T53"]
[Site "Internet Chess Club"]
[Date "2012.05.19"]
[Round "1"]
[White "losscause"]
[Black "kabindra"]
[Result "1-0"]
[WhiteElo "1637"]
[BlackElo "1749"]
[Opening "King's Indian, 3.Nf3"]
[ECO "E60"]
[Time "14:32:08"]
[TimeControl "2700+45"]

1. d4 Nf6 2. Nf3 g6 3. c4 Bg7 4. e3 O-O 5. Be2 c6 6. Nc3 d5 7. O-O Ne4 8. Nd2 f5
9. f3 Nxc3 10. bxc3 f4 11. exf4 Rxf4 12. Nb3 Rf8 13. Bd3 e5 14. Be3 Nd7 15. cxd5
cxd5 16. Qd2 Re8 17. Rae1 a5 18. a4 Nb6 19. Bb5 Nc4 20. Bxc4 dxc4 21. Nc5 b6 22.
Ne4 Bf5 23. d5 Rb8 24. Rb1 Qc7 25. Qf2 Qd7 26. Rb5 Rf8 27. Qd2 Qc7 28. Rfb1 Bxe4
29. fxe4 Rf6 30. Qb2 Rbf8 31. Bxb6 Qf7 32. Qc1 Bh6 33. Qd1 Bd2 34. Bc5 Bxc3 35.
Bxf8 Bd4+ 36. Kh1 Kxf8 37. Rb8+ Kg7 38. R8b7 c3 39. Rxf7+ Rxf7 40. Rc1 Rf2 41.
Rc2 Rf4 42. Re2 Rf8 43. h3 Rb8 44. Rc2 Rb4 45. d6 Rb7 46. d7 Rxd7 47. Rxc3 Rd8
48. Rc7+ Kh8 49. Qg4 Rf8 50. Rc8 Kg8 51. Qe6+ Kg7 52. Rxf8 Kxf8 53. Qc8+ Kf7 54.
Qc7+ Kf6 55. Qxa5 Kg5 56. Qa8 h5 57. a5 h4 58. a6 Kf4 59. a7 Ke3 60. Qb7 g5 61.
a8=Q g4 62. hxg4 h3 63. gxh3 Kf4 64. Qf8+ Kg3 65. Qb3+ Kh4 66. Qh6# {Black
checkmated} 1-0

[Event "Team 45 45 League T53"]
[Site "Internet Chess Club"]
[Date "2012.05.20"]
[Round "1"]
[White "Alexei"]
[Black "universe"]
[Result "0-1"]
[WhiteElo "2224"]
[BlackElo "2138"]
[Opening "QGD Slav: 4.e3 Bf5"]
[ECO "D12"]
[Time "12:05:06"]
[TimeControl "2700+45"]

1. d4 d5 2. c4 c6 3. Nf3 Nf6 4. e3 Bf5 5. Nc3 e6 6. Nh4 Bg4 7. Qb3 Qb6 8. h3 Bh5
9. g4 Bg6 10. Nxg6 hxg6 11. g5 Nfd7 12. Qc2 Be7 13. f4 Na6 14. c5 Qd8 15. Bd2
Nc7 16. b4 e5 17. dxe5 a5 18. bxa5 Nxc5 19. Na4 Ne4 20. Bd3 Nxd2 21. Qxd2 Ra7
22. Kf2 Ne6 23. Nb6 Bc5 24. Kg3 Nxg5 25. Rac1 Ne6 26. h4 Bxb6 27. axb6 Qxb6 28.
Rb1 Qc7 29. h5 Rxh5 30. Be2 Rh6 31. Bg4 Nc5 32. Bf3 Qe7 33. Qc2 Ra3 34. Kf2 g5
35. Rxh6 gxh6 36. Rh1 gxf4 37. exf4 Nd3+ 38. Kg3 Nxf4 39. Kxf4 Qg5# {White
checkmated} 0-1

[Event "Team 45 45 League T53"]
[Site "Internet Chess Club"]
[Date "2012.05.22"]
[Round "1"]
[White "BadHabitMarco"]
[Black "BlazekaMatej"]
[Result "1-0"]
[WhiteElo "2228"]
[BlackElo "2186"]
[Opening "Ruy Lopez: Berlin defense"]
[ECO "C65"]
[Time "14:16:11"]
[TimeControl "2700+45"]

1. e4 e5 2. Nf3 Nc6 3. Bb5 Nf6 4. d3 Bc5 5. c3 O-O 6. Nbd2 d6 7. O-O a6 8. Ba4
b5 9. Bc2 Bb6 10. h3 Ne7 11. Re1 c5 12. Nf1 Ng6 13. Ng3 Be6 14. Be3 h6 15. Rc1
Re8 16. b3 Rc8 17. d4 c4 18. b4 a5 19. a3 Qc7 20. Nf5 Rcd8 21. Qd2 Bxf5 22. exf5
Ne7 23. Bxh6 gxh6 24. Qxh6 Ned5 25. Re4 Nxe4 26. Bxe4 Nf4 27. f6 Ng6 28. Qg7#
{Black checkmated} 1-0

[Event "Team 45 45 League T53"]
[Site "Internet Chess Club"]
[Date "2012.05.18"]
[Round "1"]
[White "Pacini"]
[Black "TerryMalloy"]
[Result "1-0"]
[WhiteElo "2120"]
[BlackElo "1929"]
[Opening "Petrov: Nimzovich attack"]
[ECO "C42"]
[Time "23:03:36"]
[TimeControl "2700+45"]

1. e4 e5 2. Nf3 Nf6 3. Nxe5 d6 4. Nf3 Nxe4 5. Nc3 Nxc3 6. dxc3 Be7 7. Be3 Nc6 8.
Qd2 Be6 9. O-O-O Qd7 10. Kb1 Bf6 11. h4 O-O-O 12. Nd4 Nxd4 13. Bxd4 Qa4 14. b3
Qa3 15. Bxf6 gxf6 16. Qf4 f5 17. Be2 Qc5 18. Kb2 Qe5 19. Qd2 Rhg8 20. Bf3 Rde8
21. Rhe1 Qc5 22. Qf4 Kb8 23. Rd4 Rg6 24. h5 Rgg8 25. Qh6 Rh8 26. Rb4 d5 27. Rd4
c6 28. Qf4+ Ka8 29. a4 Rhg8 30. b4 Qe7 31. Rdd1 Qg5 32. Qc7 Qe7 33. Qe5 Qd8 34.
Qd4 Qb6 35. Qd2 Kb8 36. a5 Qc7 37. Qd4 a6 38. Qc5 Qe7 39. Qb6 Qc7 40. Qe3 f6 41.
Qd4 Qf7 42. Re2 Re7 43. Rde1 Rge8 44. Qf4+ Kc8 45. Qd6 Rd7 46. Qc5 Kb8 47. Qb6
Rd6 48. Qc5 Rd7 49. Qe3 Rde7 50. Qf4+ Kc8 51. Qd6 Rd7 52. Qc5 Kb8 53. Re3 Rde7
54. g3 Ka8 55. Qd6 h6 56. Qf4 Qg7 57. Qd6 Qf7 58. Qc5 Kb8 59. Ka3 Ka8 60. Qd6
Ka7 61. Qf4 Qg7 62. Qd4+ Ka8 63. Qb6 Bc8 64. Qc5 Rxe3 65. Rxe3 Rxe3 66. Qxe3 Bd7
67. Qb6 Qe7 68. Qc7 Ka7 69. Kb2 Ka8 70. Qf4 Qg7 71. Qd6 Qf7 72. Kc1 Ka7 73. Kd2
Ka8 74. Be2 Ka7 75. Qc7 Qe8 76. Bxa6 Bc8 77. Bxb7 Bxb7 78. a6 Qc8 79. Qxb7+ Qxb7
80. axb7 Kxb7 81. Ke3 Kb6 82. Kf4 Kb5 83. Kxf5 Kc4 84. Kxf6 Kxc3 85. Ke5 Kxc2
86. Kd4 Kb3 87. f4 Kxb4 88. f5 c5+ 89. Kxd5 c4 90. f6 c3 91. f7 Kb3 92. f8=Q
{Black resigns} 1-0

[Event "Team 45 45 League T53"]
[Site "Internet Chess Club"]
[Date "2012.05.18"]
[Round "1"]
[White "ben622"]
[Black "parpin"]
[Result "0-1"]
[WhiteElo "1996"]
[BlackElo "1977"]
[Opening "Caro-Kann: classical, 6.h4"]
[ECO "B18"]
[Time "12:30:05"]
[TimeControl "2700+45"]

1. e4 c6 2. d4 d5 3. Nd2 dxe4 4. Nxe4 Bf5 5. Ng3 Bg6 6. h4 h6 7. h5 Bh7 8. Nf3
e6 9. Bd3 Bxd3 10. Qxd3 Nf6 11. Bd2 Bd6 12. Ne4 Nxe4 13. Qxe4 Nd7 14. O-O-O Nf6
15. Qe2 Qc7 16. Ne5 O-O-O 17. Kb1 Kb8 18. g3 Rhf8 19. Nc4 Ka8 20. Ba5 b6 21. Bd2
Be7 22. Bf4 Qb7 23. Be5 Rd7 24. Bxf6 Bxf6 25. Ne5 Rd5 26. c3 c5 27. Nf3 cxd4 28.
Nxd4 Bxd4 29. cxd4 Rfd8 30. Qg4 Rxd4 31. Rxd4 Qxh1+ 32. Kc2 Rxd4 33. Qxd4 Qxh5
34. Qd8+ Kb7 35. Qe7+ Ka6 36. Qa3+ Qa5 37. Qd3+ b5 38. Qd7 Qa4+ 39. b3 Qxa2+ 40.
Kc3 Qxf2 41. Qc8+ Kb6 42. Qb8+ Kc6 43. Qc8+ Kd6 44. Qb8+ Ke7 {White resigns} 0-1

[Event "Team 45 45 League T53"]
[Site "Internet Chess Club"]
[Date "2012.05.20"]
[Round "1"]
[White "SuperPeon"]
[Black "chess9793"]
[Result "1/2-1/2"]
[WhiteElo "2180"]
[BlackElo "2209"]
[Opening "Sicilian: Smith-Morra gambit"]
[ECO "B21"]
[Time "22:35:00"]
[TimeControl "2700+45"]

1. e4 c5 2. d4 cxd4 3. c3 dxc3 4. Nxc3 Nc6 5. Bc4 d6 6. Nf3 a6 7. O-O Nf6 8. Qe2
Bg4 9. Bg5 e6 10. h3 Bxf3 11. gxf3 Be7 12. Rfd1 O-O 13. Rac1 Qa5 14. Be3 Qh5 15.
Kg2 Rac8 16. Bb3 b5 17. Rc2 Na5 18. Rdc1 Nxb3 19. axb3 Rcd8 20. Bb6 Rd7 21. Na2
Qg5+ 22. Kh2 Qf4+ 23. Kg2 Qg5+ 24. Kh2 Qe5+ 25. Kh1 Qh5 26. Kg2 Qg5+ {Game drawn
by repetition} 1/2-1/2

[Event "Team 45 45 League T53"]
[Site "Internet Chess Club"]
[Date "2012.05.18"]
[Round "1"]
[White "HiddenDeath"]
[Black "Zumbi"]
[Result "0-1"]
[WhiteElo "2051"]
[BlackElo "2154"]
[Opening "Sicilian: Alapin's variation (2.c3)"]
[ECO "B22"]
[Time "22:53:47"]
[TimeControl "2700+45"]

1. e4 c5 2. c3 Nf6 3. e5 Nd5 4. Nf3 Nc6 5. d4 cxd4 6. cxd4 d6 7. Bc4 Nb6 8. Bb3
dxe5 9. d5 Na5 10. Nc3 Nxb3 11. Qxb3 e6 12. Nxe5 Bd6 13. Qb5+ Kf8 14. Nf3 Nxd5
15. Nxd5 exd5 16. O-O Bg4 17. Qxb7 Bxf3 18. gxf3 Rb8 19. Qxa7 Qh4 20. f4 h5 21.
f3 Rh6 22. Qf2 Rg6+ 23. Kh1 Qxf2 24. Rxf2 Re8 25. Bd2 Bc5 26. f5 Rf6 27. Rg2
Rxf5 28. f4 Rb8 29. Rc1 Bd6 30. Bc3 f6 31. Rd1 Bxf4 32. Rf2 Kf7 33. Rdf1 g5 34.
b4 d4 35. Bd2 Ke6 36. a4 d3 37. b5 Ra8 38. Bxf4 Rxf4 39. Rxf4 gxf4 40. Ra1 d2
41. b6 Rxa4 42. Rd1 Rb4 43. Rxd2 Rxb6 44. Kg2 Rb3 45. Ra2 h4 46. Kf2 Kf5 47. Kg2
Kg4 48. Kf2 Rb1 49. Kg2 h3+ 50. Kf2 Rh1 51. Ra8 Rxh2+ 52. Kg1 Rg2+ 53. Kh1 f3
54. Ra4+ Kg5 55. Ra5+ Kg6 56. Ra6 Re2 57. Ra3 f2 {White resigns} 0-1

[Event "Team 45 45 League T53"]
[Site "Internet Chess Club"]
[Date "2012.05.20"]
[Round "1"]
[White "Ptzz"]
[Black "Rodin7"]
[Result "0-1"]
[WhiteElo "2068"]
[BlackElo "1998"]
[Opening "QGD semi-Slav"]
[ECO "D43"]
[Time "08:00:15"]
[TimeControl "2700+45"]

1. d4 d5 2. c4 c6 3. Nf3 Nf6 4. Nc3 e6 5. Bg5 h6 6. Bxf6 Qxf6 7. e3 Nd7 8. Bd3
dxc4 9. Bxc4 g6 10. e4 e5 11. d5 Bg7 12. dxc6 bxc6 13. h3 Nb6 14. Qe2 Nxc4 15.
Qxc4 O-O 16. Na4 Rd8 17. Nc5 a5 18. b3 g5 19. Rc1 h5 20. Qc3 Rd6 21. Nd2 g4 22.
hxg4 Bh6 23. Nc4 Rd4 24. Ne3 hxg4 25. Rh5 g3 26. f3 Bf4 27. Ke2 Ba6+ 28. Nxa6
Rxa6 29. Rch1 Ra8 30. Ng4 Qg7 31. Nh6+ Bxh6 32. Rxh6 Rad8 33. R1h5 c5 34. Qxa5
Rxe4+ 35. fxe4 Qg4+ 36. Ke3 Qf4+ 37. Ke2 Qf2# {White checkmated} 0-1

[Event "Team 45 45 League T53"]
[Site "Internet Chess Club"]
[Date "2012.05.22"]
[Round "1"]
[White "AntMantis"]
[Black "Jack-ONeill"]
[Result "1/2-1/2"]
[WhiteElo "2079"]
[BlackElo "2068"]
[Opening "QGD: Tartakower (Makagonov-Bondarevsky) system"]
[ECO "D58"]
[Time "12:16:52"]
[TimeControl "2700+45"]

1. d4 Nf6 2. Nf3 d5 3. c4 e6 4. Nc3 Be7 5. Bg5 h6 6. Bh4 O-O 7. e3 b6 8. Rc1 Bb7
9. Be2 dxc4 10. Bxc4 Nbd7 11. O-O c5 12. Qe2 a6 13. a4 cxd4 14. exd4 Re8 15.
Rfd1 Nh5 16. Bxe7 Qxe7 17. d5 Nf4 18. Qe3 Nxd5 19. Nxd5 exd5 20. Qxe7 Rxe7 21.
Bxd5 Bxd5 22. Rxd5 Nc5 23. Rd6 Re2 24. Rxb6 Nxa4 25. Rb4 Nxb2 26. Rb7 Rae8 27.
h3 R8e7 28. Rc8+ Kh7 29. Rxe7 Rxe7 30. Ra8 Re6 31. Nd4 Re1+ 32. Kh2 Ra1 33. Nc6
Nd3 34. Nd8 a5 35. Nxf7 a4 36. Nd6 a3 37. Nb5 a2 38. Nc3 {Game drawn by mutual
agreement} 1/2-1/2

[Event "Team 45 45 League T53"]
[Site "Internet Chess Club"]
[Date "2012.05.20"]
[Round "1"]
[White "Warren"]
[Black "Turzo"]
[Result "1/2-1/2"]
[WhiteElo "2176"]
[BlackElo "2299"]
[Opening "Sicilian: Najdorf, 7.f4"]
[ECO "B96"]
[Time "11:21:20"]
[TimeControl "2700+45"]

1. e4 c5 2. Nf3 d6 3. d4 cxd4 4. Nxd4 Nf6 5. Nc3 a6 6. Bg5 e6 7. f4 Qc7 8. Bxf6
gxf6 9. Be2 Nc6 10. Nb3 b5 11. a3 Qb6 12. Qd2 h5 13. O-O-O Bb7 14. Rhf1 O-O-O
15. Kb1 Kb8 16. Rf3 h4 17. Rh3 Qf2 18. g3 Be7 19. gxh4 f5 20. exf5 Rxh4 21. Rxh4
Qxh4 22. fxe6 fxe6 23. Qe3 Qxh2 24. Qxe6 Qxf4 25. Nd5 Qe5 26. Qxe5 dxe5 27. Nxe7
Rxd1+ 28. Bxd1 Nxe7 29. Nc5 Kc7 30. Nxb7 Kxb7 31. Bf3+ Kb6 32. Kc1 a5 33. Kd2
Nf5 34. Kd3 Nd6 35. Bd5 Kc5 36. Be6 Nb7 37. Ke4 Kd6 38. Bf7 Nc5+ 39. Ke3 Na4 40.
Be8 Kc5 41. b3 Nc3 42. Kd3 Nb1 43. b4+ axb4 44. axb4+ Kxb4 45. Bxb5 Kxb5 46. Ke4
Na3 47. Kxe5 Nxc2 {Game drawn because neither player has mating material}
1/2-1/2